 Dungeon Crawl Stone Soup version 0.21-a0-360-g65c131b (webtiles) character file.

146 Horrz the Skirmisher (level 5, 0/48 HPs)
             Began as a Hill Orc Monk on Oct 13, 2017.
             Slain by a rat (1 damage)
             ... on level 3 of the Dungeon.
             The game lasted 00:08:27 (2847 turns).

Horrz the Skirmisher (Hill Orc Monk)                Turns: 2847, Time: 00:08:28

Health: 0/48       AC:  2    Str: 18    XL:     5   Next: 28%
Magic:  5/5        EV: 13    Int: 10    God:
Gold:   56         SH:  0    Dex: 14    Spells: 4/4 levels left

rFire    . . .     SeeInvis .   h - +0 flail
rCold    . . .     Gourm    .   (no shield)
rNeg     . . .     Faith    .   b - +0 robe
rPois    .         Spirit   .   (no helmet)
rElec    .         Reflect  .   (no cloak)
rCorr    .         Harm     .   (no gloves)
MR       .....                  (no boots)
Stlth    ++........             (no amulet)
HPRegen  0.16/turn              d - +4 ring of strength
MPRegen  0.09/turn              (no ring)

@: slowed, very slow
A: no striking features
a: no special abilities


You were on level 3 of the Dungeon.
You were not hungry.

You visited 1 branch of the dungeon, and saw 3 of its levels.

You collected 56 gold pieces.

Inventory:

Hand Weapons
 h - a +0 flail (weapon)
Armour
 b - a +0 robe (worn)
Jewellery
 d - a +4 ring of strength (left hand)
Scrolls
 e - 2 scrolls of teleportation {unknown}
 f - 2 scrolls of identify
 i - a scroll of enchant weapon {unknown}
Comestibles
 c - 4 bread rations
 j - a royal jelly


   Skills:
 + Level 5.5 Fighting
 + Level 5.0 Maces & Flails
 - Level 2.4 Dodging
 - Level 1.5 Stealth


You had 4 spell levels left.
You didn't know any spells.

Dungeon Overview and Level Annotations

Branches:
Dungeon (3/15)

Altars:
Qazlal


Message History

Natasha closely misses you.
You hit Natasha.
You kill Natasha!
Natasha growls in agony!
The crimson imp disappears in a puff of smoke! x2
Your Maces & Flails skill increases to level 5!
The kobold closely misses you. The kobold closely misses you.
The kobold hits you.
* * * LOW HITPOINT WARNING * * *
The rat closely misses you. The kobold hits you.
* * * LOW HITPOINT WARNING * * *
You feel better. The rat closely misses you.
You closely miss the kobold. The kobold misses you. The rat bites you.
* * * LOW HITPOINT WARNING * * *
The kobold hits you with a club.
* * * LOW HITPOINT WARNING * * *
The kobold completely misses you. The rat bites you.
You die...

...##...##.# ##......# #.##.%...
....##..⌠#.# #.......# #.##.....
.....#.>.#####.......# #..#.(..<
..).##..⌠###.........# ##.......
...##...##.#.######.#####........
.#.#⌠..##..#.######.#...†.##...##
)#.'..##.........##...########...
.#<#⌠###.#......K#...## ###.
)#####..........@K.#.# .
.........#.#.....r...#
#........#.......##......
#................###.###..
#..........#.....# #.#
...#####...####### #.. ...# ....#
.... ...# ....# ... ...####.##..#


You could see 2 kobolds and a rat.

Vanquished Creatures
  Natasha (D:3)
  Terence (D:3)
  4 adders
  3 dart slugs
  A leopard gecko (D:1)
  7 orcs (D:3)
  2 giant cockroaches
  4 goblins
  3 hobgoblins (D:1)
  A ball python (D:1)
  9 bats
  8 frilled lizards
  4 kobolds
  4 rats
52 creatures vanquished.

Vanquished Creatures (others)
  A leopard gecko (D:2)
1 creature vanquished.

Grand Total: 53 creatures vanquished

Notes
Turn   | Place    | Note
-------+----------+-------------------------------------------
     0 | D:1      | Horrz the Hill Orc Monk began the quest for the Orb.
     0 | D:1      | Reached XP level 1. HP: 19/19 MP: 1/1
   230 | D:1      | Reached XP level 2. HP: 17/27 MP: 2/2
  1256 | D:2      | Reached XP level 3. HP: 34/34 MP: 3/3
  1693 | D:2      | Found a stormy altar of Qazlal.
  1846 | D:2      | Reached XP level 4. HP: 34/41 MP: 4/4
  2151 | D:3      | Noticed Terence
  2178 | D:3      | Killed Terence
  2178 | D:3      | Reached skill level 5 in Fighting
  2484 | D:3      | Reached XP level 5. HP: 24/48 MP: 5/5
  2813 | D:3      | Noticed Natasha
  2838 | D:3      | Killed Natasha
  2838 | D:3      | Reached skill level 5 in Maces & Flails
  2843 | D:3      | HP: 2/48 [kobold (2)]
  2847 | D:3      | Slain by a rat

Vault maps used:
D:1:      dpeg_cavernosity, kennysheep_decorative_pillar
D:2:      grunt_qazlal_clouds
D:3:      dancing_weapons_uskayaw, minitemple, first_bread, grunt_ministairs_8,
          uniq_crazy_yiuf_cottage, uniq_terence, uniq_natasha

Skill      XL: |  1  2  3  4  5 |
---------------+----------------+-----
Fighting       | 4 5 |  5.5
Maces & Flails | 4 5 |  5.0
Dodging        | |  2.4
Stealth        | |  1.5

Action                   |  1- 3 |  4- 6 || total
-------------------------+-------+-------++-------
Melee: Mace              |   100 |    28 ||   128
       Flail             |       |    52 ||    52
  Use: Potion            |       |     3 ||     3
       Scroll            |       |     1 ||     1
 Stab: Sleeping          |     8 |     2 ||    10
       Distracted        |     1 |       ||     1
  Eat: Chunk             |     3 |     3 ||     6
Armor: Robe              |    16 |     9 ||    25
       Skin              |       |    14 ||    14
Dodge: Dodged            |    82 |    48 ||   130

Table legend:
 A = Spawn XP
 B = Non-spawn XP
 C = Spawn XP percentage of total XP
 D = Spawn monster count
 E = Non-spawn monster count
 F = Spawn count percentage of total count
 G = Total turns spent on level
                    A         B        C        D         E        F      G
               +---------+---------+-------+---------+---------+-------+---------
         Total |       0 |     209 |   0.0 |       0 |      52 |   0.0 |  2847
               +---------+---------+-------+---------+---------+-------+---------
           D:1 |       0 |      28 |   0.0 |       0 |      19 |   0.0 |  1047
           D:2 |       0 |      61 |   0.0 |       0 |      14 |   0.0 |  1082
           D:3 |       0 |     120 |   0.0 |       0 |      19 |   0.0 |   718
               +---------+---------+-------+---------+---------+-------+---------
